 Dungeon Crawl Stone Soup version 0.20.0-15-g7f486f2 (webtiles) character file.

69 sscrono2 the Sneak (level 4, 0/29 HPs)
             Began as an Octopode Assassin on June 24, 2017.
             Succumbed to a worker ant's poison
             ... on level 3 of the Dungeon.
             The game lasted 00:01:24 (1260 turns).

sscrono2 the Sneak (Octopode Assassin)              Turns: 1260, Time: 00:01:25

Health: 0/29       AC:  1    Str: 10    XL:     4   Next: 20%
Magic:  4/4        EV: 13    Int: 13    God:
Gold:   63         SH:  0    Dex: 14    Spells: 3/3 levels left

rFire    . . .     SeeInvis .   s - -2 dagger (curse)
rCold    . . .     Gourm    .   (no shield)
rNeg     + . .     Faith    .   (helmet restricted)
rPois    .         Spirit   .   (no amulet)
rElec    .         Reflect  .   r - ring of positive energy
rCorr    .         Harm     .   (no ring)
MR       .....                  (no ring)
Stlth    ++++......             (no ring)
Regen    0.1/turn               (no ring)
MPRegen  0.1/turn               (no ring)
                                (no ring)
                                (no ring)

@: lethally poisoned (0 -> -12)
A: almost no armour, stealthy swim, amphibious, 8 rings, constrict 8, camouflage
1, gelatinous body 1
a: no special abilities


You were on level 3 of the Dungeon.
You were not hungry.

You visited 1 branch of the dungeon, and saw 3 of its levels.

You collected 63 gold pieces.

Inventory:

Hand Weapons
 a - a +2 dagger
 b - a +0 blowgun
 s - a cursed -2 dagger (weapon)
Missiles
 c - 33 poisoned needles
 d - 2 curare-tipped needles
Jewellery
 r - a ring of positive energy (left tentacle)
Scrolls
 i - a scroll of enchant weapon
 l - a scroll of blinking
Potions
 j - 6 potions of curing {unknown}
 m - 2 potions of haste {unknown}
 q - a potion of degeneration {unknown}
Books
 h - a book of Misfortune

   Spells                             Type                      Level
   a - Confusing Touch                Hexes                        1
   b - Confuse                        Hexes                        3
   c - Gell's Gravitas                Translocation                3
   d - Petrify                        Transmutation/Earth          4
   e - Metabolic Englaciation         Hexes/Ice                    5
   f - Yara's Violent Unravelling     Hexes/Transmutation          5
Comestibles
 f - 4 bread rations
 g - a royal jelly
 k - 3 chunks of flesh
 n - 2 meat rations
 o - 8 fruits


   Skills:
 - Level 2.0 Fighting
 + Level 4.3 Short Blades
 - Level 2.0 Throwing
 - Level 1.0 Dodging
 - Level 5.3 Stealth


You had 3 spell levels left.
You didn't know any spells.

Dungeon Overview and Level Annotations

Branches:
Dungeon (3/15)

Altars:


Innate Abilities, Weirdness & Mutations

You cannot wear most types of armour.
You are very stealthy in the water. (Stealth+)
You are amphibious.
You can wear up to eight rings at the same time.
You can use your tentacles to constrict eight enemies at once.
Your skin changes colour to match your surroundings (Stealth+).
Your rubbery body absorbs attacks. (AC +1, EV +1)


Message History

The worker ant is moderately wounded.
You constrict the worker ant, but do no damage.
* * * LOW HITPOINT WARNING * * *
You feel sick. The worker ant bites you.
* * * LOW HITPOINT WARNING * * *
You hit the worker ant but do no damage.
The worker ant is moderately wounded.
You constrict the worker ant, but do no damage.
* * * LOW HITPOINT WARNING * * *
You feel sick. The worker ant closely misses you.
You hit the worker ant but do no damage.
You squeeze the worker ant.
The worker ant is heavily wounded.
You constrict the worker ant.
* * * LOW HITPOINT WARNING * * *
You feel sick. The worker ant barely misses you. The hobgoblin misses you.
You hit the worker ant but do no damage.
The worker ant is heavily wounded.
You constrict the worker ant.
You die...

#.#### .....
#...## #....####
.........
.######........
.......ga.....#
#..@.......
#######..#######.
#..........#
#..........#
#.....<....#
#..........#
#..........$..
########.......
.....#..


You could see a worker ant and a hobgoblin.

Vanquished Creatures
  2 adders (D:2)
  2 worms (D:2)
  A dart slug (D:2)
  3 leopard geckos
  3 bats
  4 giant cockroaches
  6 goblins
  4 jackals (D:2)
  A quokka (D:2)
  3 frilled lizards
  6 kobolds
  4 rats
39 creatures vanquished.

Notes
Turn   | Place    | Note
-------+----------+-------------------------------------------
     0 | D:1      | sscrono2 the Octopode Assassin began the quest for the Orb.
     0 | D:1      | Reached XP level 1. HP: 14/14 MP: 1/1
   138 | D:1      | Reached XP level 2. HP: 19/19 MP: 2/2
   576 | D:2      | Reached XP level 3. HP: 24/24 MP: 3/3
  1033 | D:2      | Reached XP level 4. HP: 27/29 MP: 4/4
  1259 | D:3      | HP: 1/29 [poisoned by a worker ant]
  1260 | D:3      | Succumbed to a worker ant's poison

Skill      XL: |  1  2  3 |
---------------+----------+-----
Short Blades   | 3 4 |  4.3
Fighting       | |  2.0
Throwing       | |  2.0
Dodging        | |  1.0
Stealth        | |  5.3

Action                   |  1- 3 |  4- 6 || total
-------------------------+-------+-------++-------
Melee: Dagger            |    57 |    17 ||    74
       Constrict         |    10 |     2 ||    12
       Tentacles         |     5 |     3 ||     8
  Use: Scroll            |       |     3 ||     3
 Stab: Sleeping          |    22 |       ||    22
  Eat: Chunk             |       |     1 ||     1
Armor: Skin              |     1 |       ||     1
Dodge: Dodged            |    17 |     8 ||    25
